 Dungeon Crawl Stone Soup version 0.23.1-37-gaa34b87 (webtiles) character file.

Game seed: 2139276626890969565

23 redwoodhats the Skirmisher (level 2, 0/25 HPs)
             Began as a Demonspawn Abyssal Knight on Mar 22, 2019.
             Was an Initiate of Lugonu.
             Slain by a bat (1 damage)
             ... on level 2 of the Dungeon.
             The game lasted 00:08:10 (1192 turns).

redwoodhats the Skirmisher (DsAK)                   Turns: 1192, Time: 00:08:10

Health: 0/25       AC:  4    Str: 12    XL:     2   Next: 75%
Magic:  2/3        EV: 11    Int: 13    God:    Lugonu [......]
Gold:   38         SH:  0    Dex: 12    Spells: 1/1 levels left

rFire    . . .     SeeInvis .   a - +1 spear
rCold    . . .     Gourm    .   (no shield)
rNeg     . . .     Faith    .   b - +1 leather armour
rPois    .         Spirit   .   (no helmet)
rElec    .         Reflect  .   (no cloak)
rCorr    .         Harm     .   (no gloves)
MR       .....                  (no boots)
Stlth    +.........             (no amulet)
HPRegen  0.08/turn              e - ring of flight
MPRegen  0.08/turn              (no ring)

@: lethally poisoned (0 -> -11), flying, very slightly contaminated
A: powered by pain 1
a: Renounce Religion, Stop Flying


You were on level 2 of the Dungeon.
You worshipped Lugonu.
Lugonu was noncommittal.
You were not hungry.

You visited 1 branch of the dungeon, and saw 2 of its levels.
You visited the Abyss 1 time.

You collected 38 gold pieces.

Inventory:

Hand Weapons
 a - a +1 spear (weapon)
Armour
 b - a +1 leather armour (worn)
Jewellery
 e - a ring of flight (left hand)
Scrolls
 f - a scroll of identify
 g - 2 scrolls of amnesia
Potions
 d - a potion of agility {unknown}
 k - a potion of flight
 l - 2 potions of curing
Comestibles
 c - a ration


   Skills:
 + Level 3.6 Fighting
 + Level 2.0 Polearms
 + Level 2.1 Armour
 + Level 0.9 Dodging
 + Level 2.4 Invocations


You had one spell level left.
You didn't know any spells.
Your spell library was empty.

Dungeon Overview and Level Annotations

Branches:
Dungeon (2/15)

Altars:


Innate Abilities, Weirdness & Mutations

You sometimes gain a little power by taking damage.


Message History

You feel sick. The bat barely misses you. The adder barely misses you.
The adder bites you but does no damage.
You miss the adder.
* * * LOW HITPOINT WARNING * * *
You feel sick. The bat closely misses you. The adder closely misses you.
You feel very buoyant.
You fly up into the air.
You feel somewhat more hungry.
* * * LOW HITPOINT WARNING * * *
You feel sick. The bat hits you but does no damage.
The adder barely misses you.
You miss the adder.
* * * LOW HITPOINT WARNING * * *
You feel sick. The bat barely misses you. The adder bites you.
* * * LOW HITPOINT WARNING * * *
You are more poisoned.
The adder poisons you! The adder bites you but does no damage.
You miss the adder.
* * * LOW HITPOINT WARNING * * *
You feel sick. The bat hits you.
You die...

. ####### ..
#####........
...###............
..................
..................
......b@..........
......S...........
..................
.......)....##.##
..........<.#
............#
....#####.....
.... ##...... ..
#........


You could see an adder and a bat.

Vanquished Creatures
  An adder (D:2)
  A bat (D:1)
  3 goblins (D:1)
  2 hobgoblins (D:1)
  6 kobolds (D:1)
  A rat (D:1)
14 creatures vanquished.

Notes
Turn   | Place    | Note
-------+----------+-------------------------------------------
     0 | Abyss:1  | redwoodhats the Demonspawn Abyssal Knight began the quest
                  | for the Orb.
     0 | Abyss:1  | Reached XP level 1. HP: 18/18 MP: 2/2
    33 | Abyss:1  | Noticed a freezing wraith
    40 | Abyss:1  | Noticed a tentacled starspawn
    43 | D:1      | Escaped the Abyss
    57 | D:1      | Noticed a felid
    57 | D:1      | Noticed a spriggan
    59 | D:1      | Noticed a centaur
    59 | D:1      | Noticed a vampire
    61 | D:1      | Noticed a halfling
    61 | D:1      | Noticed a ghoul
    73 | D:1      | Noticed a gargoyle
    73 | D:1      | Noticed a draconian
    75 | D:1      | Noticed a tengu
    77 | D:1      | Noticed a naga
    77 | D:1      | Noticed a formicid
    79 | D:1      | Noticed an ogre
    79 | D:1      | Noticed a demigod
    81 | D:1      | Noticed a vine stalker
    81 | D:1      | Noticed a troll
   195 | D:1      | Noticed a minotaur
   197 | D:1      | Noticed a human
   197 | D:1      | Noticed an octopode
   199 | D:1      | Noticed an elf
   199 | D:1      | Noticed a demonspawn
   204 | D:1      | Noticed a merfolk
   206 | D:1      | Noticed a dwarf
   427 | D:1      | Gained mutation: You sometimes gain a little power by
                  | taking damage. [demonic ancestry]
   427 | D:1      | Reached XP level 2. HP: 24/24 MP: 3/3
  1192 | D:2      | HP: 1/25 [poisoned by an adder]
  1192 | D:2      | Slain by a bat

Skill      XL: |  1  2 |
---------------+-------+-----
Armour         | 2 |  2.1
Polearms       | 2 |  2.0
Fighting       | |  3.6
Dodging        | |  0.9
Invocations    | |  2.4

Action                   || total
-------------------------++-------
Melee: Spear             ||    54
Invok: Depart the Abyss  ||     1
 Abil: Evoke Flight      ||     1
  Use: Scroll            ||     5
       Potion            ||     3
  Eat: Ration            ||     1
Armor: Leather armour    ||    21
Dodge: Dodged            ||    43
